| TOP OF THE 1ST |
|
Colorado (EL) Rockies batting - Pitching for San Jose Giants : RHP Evan Boy
|
|
Pitching: RHP Evan Boy
|
|
|
Batting: RHB John Michener
|
0-0: Ball 1-0: Ball 2-0: Ground out 6-3 (Groundball, 6, EV 100.0 MPH)
|
|
Batting: RHB Eduardo Camacho
|
0-0: Foul Ball, location: 2F 0-1: Foul Ball, location: 2F 0-2: Fly out, F8 (Flyball, 8RXD, EV 85.6 MPH)
|
|
Batting: LHB Eric Ludwig
|
0-0: Fly out, F9 (Flyball, 9, EV 88.8 MPH)
|
| Top of the 1st over - 0 runs, 0 hits, 0 errors, 0 left on base; Colorado (EL) 0 - San Jose 0 |
| BOTTOM OF THE 1ST |
|
San Jose Giants batting - Pitching for Colorado (EL) Rockies : LHP Tris Ross
|
|
Pitching: LHP Tris Ross
|
|
|
Batting: RHB Yutaka Oki
|
0-0: Ball 1-0: Swinging Strike 1-1: SINGLE (Groundball, 5S, EV 63.8 MPH) (infield hit)
|
|
Batting: LHB Tony Galvan
|
0-0: Called Strike 0-1: Called Strike 0-2: Foul Ball, location: 2F 0-2: Ball 1-2: Ball 2-2: Ball 3-2: Foul Ball, location: 2F 3-2: Base on Balls Yutaka Oki to second
|
|
Batting: LHB Nate Conley
|
0-0: Ball 1-0: Grounds into double play, 4-6-3 (Groundball, 34, EV 102.5 MPH) Yutaka Oki to third
|
|
Batting: RHB Ian Richardson
|
0-0: Called Strike 0-1: Ground out 6-3 (Groundball, 6, EV 96.9 MPH)
|
| Bottom of the 1st over - 0 runs, 1 hit, 0 errors, 1 left on base; Colorado (EL) 0 - San Jose 0 |
| TOP OF THE 2ND |
|
Colorado (EL) Rockies batting - Pitching for San Jose Giants : RHP Evan Boy
|
|
Batting: RHB R.J. Anchondo
|
0-0: SINGLE (Groundball, 6MD, EV 103.8 MPH)
|
|
Batting: RHB Matt Wheaton
|
0-0: Ball 1-0: Foul Ball, location: 2F 1-1: Ball 2-1: Foul Ball, location: 2F 2-2: Ball 3-2: Fielders Choice at 2nd, 4-6 (Groundball, 34, EV 81.2 MPH)
|
|
Batting: RHB Nick Rang
|
0-0: Fielders Choice at 2nd, 5-4 (Groundball, 5, EV 106.9 MPH)
|
|
Batting: RHB Max Schellekens
|
0-0: Ball 1-0: Ball 2-0: Called Strike 2-1: Swinging Strike 2-2: Fielders Choice at 2nd, 6-4 (Groundball, 6, EV 90.0 MPH)
|
| Top of the 2nd over - 0 runs, 1 hit, 0 errors, 1 left on base; Colorado (EL) 0 - San Jose 0 |
| BOTTOM OF THE 2ND |
|
San Jose Giants batting - Pitching for Colorado (EL) Rockies : LHP Tris Ross
|
|
Batting: RHB Adam Solesbee
|
0-0: Swinging Strike 0-1: Ball 1-1: Fly out, F6 (Flyball, 5D, EV 98.1 MPH)
|
|
Batting: RHB Josh Lippens
|
0-0: Ball 1-0: Called Strike 1-1: Swinging Strike 1-2: Ball 2-2: Ball 3-2: Strikes out swinging
|
|
Batting: RHB Jack Toole
|
0-0: Fly out, F3 (Popup, 3F, EV 55.6 MPH)
|
| Bottom of the 2nd over - 0 runs, 0 hits, 0 errors, 0 left on base; Colorado (EL) 0 - San Jose 0 |
| TOP OF THE 3RD |
|
Colorado (EL) Rockies batting - Pitching for San Jose Giants : RHP Evan Boy
|
|
Batting: LHB Elijah Black
|
0-0: Ball 1-0: Swinging Strike 1-1: Foul Ball, location: 2F 1-2: Ball 2-2: Ground out 3-1 (Groundball, 34, EV 105.6 MPH)
|
|
Batting: RHB Matt Fabre
|
0-0: Ball 1-0: Swinging Strike 1-1: Fly out, F3 (Popup, 3F, EV 75.0 MPH)
|
|
Batting: RHB John Michener
|
0-0: Ball 1-0: Swinging Strike 1-1: Ball 2-1: Ground out 5-3 (Groundball, 56, EV 103.8 MPH)
|
| Top of the 3rd over - 0 runs, 0 hits, 0 errors, 0 left on base; Colorado (EL) 0 - San Jose 0 |
| BOTTOM OF THE 3RD |
|
San Jose Giants batting - Pitching for Colorado (EL) Rockies : LHP Tris Ross
|
|
Batting: RHB Micah McErlean
|
0-0: Called Strike 0-1: Ball 1-1: Called Strike 1-2: Ball 2-2: Ball 3-2: Fly out, F8 (Flyball, 89M, EV 90.6 MPH)
|
|
Batting: RHB Mike Jones
|
0-0: Swinging Strike 0-1: Ball 1-1: Ball 2-1: Foul Ball, location: 2F 2-2: Ball 3-2: Base on Balls
|
|
Batting: RHB Yutaka Oki
|
0-0: Called Strike 0-1: Ball 1-1: Ball 2-1: Foul Ball, location: 2F 2-2: SINGLE (Groundball, 6D, EV 101.2 MPH) Mike Jones to second
|
|
Batting: LHB Tony Galvan
|
0-0: Foul Ball, location: 2F 0-1: Called Strike 0-2: Hit by Pitch Mike Jones to third Yutaka Oki to second
|
|
Batting: LHB Nate Conley
|
0-0: Grounds into fielders choice 1-2 (Groundball, 13S, EV 63.8 MPH) Yutaka Oki to third Tony Galvan to second
|
|
Batting: RHB Ian Richardson
|
0-0: Fielders Choice at 2nd, 5-4 (Groundball, 5L, EV 100.6 MPH)
|
| Bottom of the 3rd over - 0 runs, 1 hit, 0 errors, 3 left on base; Colorado (EL) 0 - San Jose 0 |
| TOP OF THE 4TH |
|
Colorado (EL) Rockies batting - Pitching for San Jose Giants : RHP Evan Boy
|
|
Batting: RHB Eduardo Camacho
|
0-0: Foul Ball, location: 2F 0-1: Swinging Strike 0-2: Ball 1-2: Ground out 4-3 (Groundball, 4, EV 104.4 MPH)
|
|
Batting: LHB Eric Ludwig
|
0-0: Ball 1-0: Ball 2-0: Ground out U3 (Groundball, 3, EV 81.2 MPH)
|
|
Batting: RHB R.J. Anchondo
|
0-0: Called Strike 0-1: Foul Ball, location: 2F 0-2: Ball 1-2: Hit by Pitch
|
|
Batting: RHB Matt Wheaton
|
0-0: Ball 1-0: Ball 2-0: Fly out, F2 (Popup, 5SF, EV 81.9 MPH)
|
| Top of the 4th over - 0 runs, 0 hits, 0 errors, 1 left on base; Colorado (EL) 0 - San Jose 0 |
| BOTTOM OF THE 4TH |
|
San Jose Giants batting - Pitching for Colorado (EL) Rockies : LHP Tris Ross
|
|
Batting: RHB Adam Solesbee
|
0-0: Ball 1-0: Fly out, F9 (Flyball, 89M, EV 91.9 MPH)
|
|
Batting: RHB Josh Lippens
|
0-0: Called Strike 0-1: Ball 1-1: Fly out, F7 (Flyball, 78M, EV 93.1 MPH)
|
|
Batting: RHB Jack Toole
|
0-0: Swinging Strike 0-1: Ball 1-1: Ball 2-1: Foul Ball, location: 2F 2-2: Foul Ball, location: 2F 2-2: Strikes out looking
|
| Bottom of the 4th over - 0 runs, 0 hits, 0 errors, 0 left on base; Colorado (EL) 0 - San Jose 0 |
| TOP OF THE 5TH |
|
Colorado (EL) Rockies batting - Pitching for San Jose Giants : RHP Evan Boy
|
|
Batting: RHB Nick Rang
|
0-0: Foul Ball, location: 2F 0-1: Ball 1-1: Foul Ball, location: 2F 1-2: Fly out, F4 (Popup, 34S, EV 83.1 MPH)
|
|
Batting: RHB Max Schellekens
|
0-0: Foul Ball, location: 2F 0-1: Ball 1-1: Called Strike 1-2: Ground out 6-3 (Groundball, 6, EV 86.9 MPH)
|
|
Batting: LHB Elijah Black
|
0-0: Swinging Strike 0-1: SINGLE (Line Drive, 6M, EV 95.0 MPH)
|
|
Batting: RHB Matt Fabre
|
0-0: Called Strike 0-1: Ground out U3 (Groundball, 3L, EV 86.2 MPH)
|
| Top of the 5th over - 0 runs, 1 hit, 0 errors, 1 left on base; Colorado (EL) 0 - San Jose 0 |
| BOTTOM OF THE 5TH |
|
San Jose Giants batting - Pitching for Colorado (EL) Rockies : LHP Tris Ross
|
|
Batting: RHB Micah McErlean
|
0-0: Ball 1-0: Ball 2-0: Fly out, F6 (Line Drive, 6, EV 71.9 MPH)
|
|
Batting: RHB Mike Jones
|
0-0: Foul Ball, location: 2F 0-1: Ball 1-1: Ground out 4-3 (Groundball, 4, EV 78.1 MPH)
|
|
Batting: RHB Yutaka Oki
|
0-0: Ball 1-0: Ground out 6-3 (Groundball, 56, EV 103.8 MPH)
|
| Bottom of the 5th over - 0 runs, 0 hits, 0 errors, 0 left on base; Colorado (EL) 0 - San Jose 0 |
| TOP OF THE 6TH |
|
Colorado (EL) Rockies batting - Pitching for San Jose Giants : RHP Evan Boy
|
|
Batting: RHB John Michener
|
0-0: SINGLE (Line Drive, 8RS, EV 102.5 MPH)
|
|
Batting: RHB Eduardo Camacho
|
0-0: SINGLE (Groundball, 34D, EV 103.8 MPH) John Michener to second Runner from 2nd tries for 3rd, OUT! 9-5
|
|
Batting: LHB Eric Ludwig
|
0-0: Ball 1-0: Ball 2-0: Ball 3-0: Base on Balls Eduardo Camacho to second
|
|
Batting: RHB R.J. Anchondo
|
0-0: Called Strike Eduardo Camacho steals 3rd base (no throw) 0-1: Foul Ball, location: 2F 0-2: Foul Ball, location: 2F 0-2: Ball 1-2: Ball 2-2: 3-RUN HOME RUN (Flyball, 7D, EV 103.1 MPH), Distance : 407 ft
|
|
Batting: RHB Matt Wheaton
|
0-0: Ball 1-0: Ball 2-0: Swinging Strike 2-1: Foul Ball, location: 2F 2-2: Ball 3-2: SINGLE (Groundball, 56D, EV 97.5 MPH)
|
|
Batting: RHB Nick Rang
|
0-0: Called Strike 0-1: Ball 1-1: Foul Ball, location: 2F 1-2: Fielders Choice at 2nd, 6-4 (Groundball, 6, EV 90.6 MPH)
|
|
Batting: RHB Max Schellekens
|
0-0: SINGLE (Line Drive, 4D, EV 100.0 MPH) Nick Rang to second Runner from 2nd tries for 3rd, SAFE, throw by RF made to third
|
|
Batting: LHB Elijah Black
|
0-0: Called Strike 0-1: Fielders Choice at 2nd, U4 (Groundball, 4M, EV 84.4 MPH)
|
| Top of the 6th over - 3 runs, 5 hits, 0 errors, 2 left on base; Colorado (EL) 3 - San Jose 0 |
| BOTTOM OF THE 6TH |
|
San Jose Giants batting - Pitching for Colorado (EL) Rockies : LHP Tris Ross
|
|
Batting: LHB Tony Galvan
|
0-0: Called Strike 0-1: Foul Ball, location: 2F 0-2: Fly out, F8 (Flyball, 8LXD, EV 100.6 MPH)
|
|
Batting: LHB Nate Conley
|
0-0: Swinging Strike 0-1: Swinging Strike 0-2: Ball 1-2: Ball 2-2: Strikes out swinging
|
|
Batting: RHB Ian Richardson
|
0-0: Called Strike 0-1: Swinging Strike 0-2: Ball 1-2: Strikes out swinging
|
| Bottom of the 6th over - 0 runs, 0 hits, 0 errors, 0 left on base; Colorado (EL) 3 - San Jose 0 |
| TOP OF THE 7TH |
|
Colorado (EL) Rockies batting - Pitching for San Jose Giants : RHP Evan Boy
|
|
Batting: RHB Matt Fabre
|
0-0: Ball 1-0: Foul Ball, location: 2F 1-1: SOLO HOME RUN (Flyball, 9D, EV 98.1 MPH), Distance : 388 ft
|
|
Batting: RHB John Michener
|
0-0: Ball 1-0: Ball 2-0: Called Strike 2-1: Fly out, F3 (Popup, 3F, EV 69.4 MPH)
|
|
Pitching: RHP Josh Aronhalt
|
|
|
Batting: RHB Eduardo Camacho
|
0-0: Called Strike 0-1: Ball 1-1: Ground out 4-3 (Groundball, 34D, EV 105.6 MPH)
|
|
Batting: LHB Eric Ludwig
|
0-0: Foul Ball, location: 2F 0-1: Foul Ball, location: 2F 0-2: Ball 1-2: Ball 2-2: Ground out 6-3 (Groundball, 6, EV 87.5 MPH)
|
| Top of the 7th over - 1 run, 1 hit, 0 errors, 0 left on base; Colorado (EL) 4 - San Jose 0 |
| BOTTOM OF THE 7TH |
|
San Jose Giants batting - Pitching for Colorado (EL) Rockies : LHP Tris Ross
|
|
Batting: RHB Adam Solesbee
|
0-0: Ball 1-0: Swinging Strike 1-1: Ball 2-1: Called Strike 2-2: Foul Ball, location: 2F 2-2: Foul Ball, location: 2F 2-2: Strikes out swinging
|
|
Batting: RHB Josh Lippens
|
0-0: Foul Ball, location: 2F 0-1: Ball 1-1: Ball 2-1: Called Strike 2-2: Ball 3-2: Base on Balls
|
|
Pitching: LHP Rich Byrd
|
|
|
Batting: RHB Jack Toole
|
0-0: Called Strike 0-1: SINGLE (Groundball, 23, EV 68.1 MPH) (infield hit) Josh Lippens to second
|
|
Batting: RHB Micah McErlean
|
0-0: Swinging Strike 0-1: Grounds into double play, 6-4-3 (Groundball, 6, EV 90.0 MPH)
|
| Bottom of the 7th over - 0 runs, 1 hit, 0 errors, 1 left on base; Colorado (EL) 4 - San Jose 0 |
| TOP OF THE 8TH |
|
Colorado (EL) Rockies batting - Pitching for San Jose Giants : RHP Josh Aronhalt
|
|
Pitching: RHP Danny Gutierrez
|
|
|
Batting: RHB R.J. Anchondo
|
0-0: Ball 1-0: Ground out 6-3 (Groundball, 6, EV 88.1 MPH)
|
|
Batting: RHB Matt Wheaton
|
0-0: Called Strike 0-1: Foul Ball, location: 2F 0-2: Fly out, F8 (Flyball, 8LM, EV 97.5 MPH)
|
|
Batting: RHB Nick Rang
|
0-0: Fly out, F8 (Line Drive, 8LM, EV 91.2 MPH)
|
| Top of the 8th over - 0 runs, 0 hits, 0 errors, 0 left on base; Colorado (EL) 4 - San Jose 0 |
| BOTTOM OF THE 8TH |
|
San Jose Giants batting - Pitching for Colorado (EL) Rockies : LHP Rich Byrd
|
|
Batting: RHB Mike Jones
|
0-0: Foul Ball, location: 2F 0-1: Ground out 6-3 (Groundball, 6MS, EV 78.1 MPH)
|
|
Batting: RHB Yutaka Oki
|
0-0: Called Strike 0-1: Swinging Strike 0-2: Strikes out swinging
|
|
Batting: LHB Tony Galvan
|
0-0: Called Strike 0-1: Swinging Strike 0-2: Ball 1-2: SINGLE (Flyball, 7S, EV 88.1 MPH)
|
|
Batting: LHB Nate Conley
|
0-0: Called Strike 0-1: Ball 1-1: Ball 2-1: Ball 3-1: Called Strike 3-2: Foul Ball, location: 2F 3-2: Strikes out swinging
|
| Bottom of the 8th over - 0 runs, 1 hit, 0 errors, 1 left on base; Colorado (EL) 4 - San Jose 0 |
| TOP OF THE 9TH |
|
Colorado (EL) Rockies batting - Pitching for San Jose Giants : RHP Danny Gutierrez
|
|
Batting: RHB Max Schellekens
|
0-0: Ball 1-0: Ball 2-0: Called Strike 2-1: Fly out, F9 (Flyball, 9S, EV 88.1 MPH)
|
|
Batting: LHB Elijah Black
|
0-0: Ball 1-0: Ball 2-0: SINGLE (Groundball, 4D, EV 100.0 MPH)
|
|
Batting: RHB Matt Fabre
|
0-0: Ball Elijah Black steals 2nd base 1-0: Swinging Strike 1-1: Foul Ball, location: 2F 1-2: Ball 2-2: Strikes out swinging
|
|
Batting: RHB John Michener
|
0-0: Ball 1-0: Called Strike 1-1: Swinging Strike 1-2: Strikes out swinging
|
| Top of the 9th over - 0 runs, 1 hit, 0 errors, 1 left on base; Colorado (EL) 4 - San Jose 0 |
| BOTTOM OF THE 9TH |
|
San Jose Giants batting - Pitching for Colorado (EL) Rockies : LHP Rich Byrd
|
|
Pitching: RHP Terry Huffmaster
|
|
|
Batting: RHB Ian Richardson
|
0-0: Ball 1-0: Swinging Strike 1-1: Ball 2-1: Called Strike 2-2: Ball 3-2: Strikes out looking
|
|
Batting: RHB Adam Solesbee
|
0-0: Foul Ball, location: 2F 0-1: Ball 1-1: Ball 2-1: Ball 3-1: Foul Ball, location: 2F 3-2: Foul Ball, location: 2F 3-2: Ground out 1-3 (Groundball, 13S, EV 67.5 MPH)
|
|
Batting: RHB Josh Lippens
|
0-0: Ball 1-0: Ball 2-0: Ball 3-0: Base on Balls
|
|
Batting: RHB Jack Toole
|
0-0: Foul Ball, location: 2F 0-1: Ball 1-1: Foul Ball, location: 2F 1-2: Ball 2-2: Ball 3-2: Strikes out swinging
|
| Bottom of the 9th over - 0 runs, 0 hits, 0 errors, 1 left on base; Colorado (EL) 4 - San Jose 0 |
|